 Dungeon Crawl Stone Soup version 0.30-a0-840-ga523dec638 (webtiles) character file.

Game seed: 1998831265101834427

568 mandoloar the Conjurer (level 7, -5/42 HPs)
             Began as a Gargoyle Conjurer on Mar 1, 2023.
             Slain by a yak (8 damage)
             ... on level 4 of the Dungeon.
             The game lasted 00:09:32 (4573 turns).

mandoloar the Conjurer (Gargoyle Conjurer)          Turns: 4573, Time: 00:09:33

Health: -5/42      AC: 11    Str:  8    XL:     7   Next: 33%
Magic:  11/21      EV: 12    Int: 20    God:
Gold:   157        SH:  0    Dex: 14    Spells: 6/13 levels left

rFire   + . .      SeeInvis .    a - +0 short sword
rCold   . . .      Faith    .    (no shield)
rNeg    + . .      Spirit   .    e - +0 robe
rPois   ∞          Reflect  .    j - +2 helmet
rElec   +          Harm     .    n - +0 cloak
rCorr   .          Rampage  .    (no gloves)
Will    +++..                    (no boots)
Stlth   ++                       (no amulet)
HPRegen 0.27/turn                k - +6 ring of dexterity
MPRegen 0.17/turn                t - ring "Joered" {rElec rF+ Will+++ MP+9 Str-3}

@: no status effects
A: sickness immunity, AC +4, negative energy resistance 1, electricity
resistance, torment resistance 1, petrification resistance
a: no special abilities


You were on level 4 of the Dungeon.
You visited 1 branch of the dungeon, and saw 4 of its levels.

You collected 157 gold pieces.

Inventory:

Hand Weapons
 a - a +0 short sword (weapon)
 b - a +0 hand axe
Armour
 e - a +0 robe (worn)
 j - a +2 helmet (worn)
 n - a +0 cloak (worn)
Jewellery
 k - a +6 ring of dexterity (left hand)
 t - the ring "Joered" (right hand) {rElec rF+ Will+++ MP+9 Str-3}
   (You found it on level 4 of the Dungeon)

   [ring of magical power]

   Str:       It affects your strength (-3).
   rF:        It protects you from fire.
   rElec:     It insulates you from electricity.
   MP:        It affects your magic capacity (+9).
   Will:      It greatly increases your willpower.
Wands
 d - a wand of roots (8)
 r - a wand of flame (24)
Scrolls
 c - a scroll of vulnerability
 h - a scroll of blinking
 i - a scroll of identify
 m - a scroll of enchant weapon {unknown}
 p - a scroll of teleportation
Potions
 f - 2 potions of curing
 g - 2 potions of magic
 l - 2 potions of degeneration {unknown}
 o - 2 potions of haste {unknown}
 q - 2 potions of mutation {unknown}
 s - a potion of flight {unknown}


   Skills:
 + Level 3.7 Fighting
 + Level 3.6 Armour
 - Level 1.5 Dodging
 - Level 2.1 Stealth
 + Level 3.7 Spellcasting
 + Level 5.9 Conjurations
 + Level 1.8 Hexes


You had 6 spell levels left.
You knew the following spells:

 Your Spells              Type           Power      Damage    Failure   Level
a - Magic Dart            Conj           100%       1d8       1%          1
b - Searing Ray           Conj           54%        2d6       1%          2
c - Fulminant Prism       Conj/Hex       9%         3d7       26%         4

Your spell library contained the following spells:

 Spells                   Type           Power      Damage    Failure   Level
 Dazzling Flash           Conj/Hex       38%        N/A       9%          3
 Lesser Beckoning         Tloc           6%         N/A       21%         2
 Gell's Gravitas          Tloc           3%         N/A       36%         3
 Teleport Other           Tloc           3%         N/A       36%         3
 Iskenderun's Mystic Bla  Conj/Tloc      15%        2d5       36%         4


Dungeon Overview and Level Annotations

Branches:
Dungeon (4/15)
 Temple: D:4-7

Altars:


Innate Abilities, Weirdness & Mutations

You are immune to sickness and miasma.
Your stone body is resilient. (AC +4)
You are immune to poison.
You resist negative energy. (rN+)
You are resistant to electric shocks. (rElec)
You are resistant to unholy torment.
You are immune to petrification.


Message History

Aim: a yak (moderately wounded, 87% to hit)
The searing ray hits the yak!
The yak is heavily wounded.
The searing ray hits the yak!
The yak is severely wounded.
The searing ray hits the yak.
The yak is lightly wounded. (Press . to maintain the ray.)
The yak gores you.
The searing ray hits the yak!
The yak is severely wounded.
The searing ray hits the yak!
You kill the yak!
The searing ray hits the yak but does no damage.
The yak is lightly wounded.
The searing ray hits the yak.
The yak is lightly wounded.
The yak gores you.
* * * LOW HITPOINT WARNING * * *
You have reached level 7!
The searing ray hits the yak.
The yak is severely wounded.
The searing ray hits the yak.
The yak is moderately wounded.
The searing ray hits the yak.
The yak is lightly wounded.
The yak closely misses you.
The searing ray hits the yak!
The yak is almost dead.
The searing ray hits the yak!
The yak is heavily wounded.
The searing ray hits the yak.
The yak is moderately wounded.
You finish channelling your searing ray.
The yak gores you!
* * * LOW HITPOINT WARNING * * *
Okay, then.
The yak attacks as you move away! The yak closely misses you.
The yak attacks as you move away! The yak gores you!
You die...

#.# #.....# #.#
#.....# #.#
#####.######.# #.#
#............. #Y#
#.##...####### #Y#
###.#.#.#.# #.#
#.÷<......####
#.###.###.#.#....#
#.Y@..# #....##### .
#####.###.#.######≈#
#.....#.#≈≈≈≈≈≈#
###.###.#≈...###
#.....'.......
#####.#≈...###
###≈≈≈≈≈≈# #####≈# .


You could see a yak.

Vanquished Creatures
  2 yaks (D:4)
  A black bear (D:4)
  Natasha (thrice) (D:3)
  4 adders
  A worm (D:4)
  3 dart slugs
  2 orcs
  3 ball pythons (D:2)
  2 endoplasms
  3 giant cockroaches
  7 goblins
  7 hobgoblins
  3 jackals (D:1)
  6 quokkas
  9 bats
  3 frilled lizards
  7 kobolds
66 creatures vanquished.

Vanquished Creatures (others)
  8 plants (D:2)
8 creatures vanquished.

Grand Total: 74 creatures vanquished

Notes
Turn   | Place    | Note
-------+----------+-------------------------------------------
     0 | D:1      | mandoloar the Gargoyle Conjurer began the quest for the
                  | Orb.
     0 | D:1      | Reached XP level 1. HP: 10/10 MP: 3/3
   307 | D:1      | Reached XP level 2. HP: 10/16 MP: 0/5
   336 | D:1      | Learned a level 2 spell: Searing Ray
   841 | D:1      | Reached skill level 1 in Fighting
   841 | D:1      | Reached skill level 1 in Armour
  1474 | D:2      | Reached XP level 3. HP: 20/20 MP: 1/6
  2099 | D:2      | Reached XP level 4. HP: 26/26 MP: 5/7
  2828 | D:2      | Learned a level 4 spell: Fulminant Prism
  3181 | D:2      | Reached skill level 5 in Conjurations
  3312 | D:3      | Noticed Natasha
  3315 | D:3      | Killed Natasha
  3316 | D:3      | Reached XP level 5. HP: 27/30 MP: 5/9
  3688 | D:3      | Noticed Natasha
  3697 | D:3      | Killed Natasha
  3822 | D:3      | Noticed Natasha
  3828 | D:3      | Killed Natasha
  4172 | D:4      | Identified the ring "Joered" {rElec rF+ Will+++ MP+9 Str-3}
  4385 | D:4      | Noticed a black bear
  4391 | D:4      | Killed a black bear
  4392 | D:4      | Reached XP level 6. HP: 28/37 MP: 10/10
  4475 | D:4      | Noticed a yak
  4492 | D:4      | Killed a yak
  4493 | D:4      | Reached skill level 1 in Hexes
  4561 | D:4      | Noticed a yak
  4561 | D:4      | Noticed a yak
  4561 | D:4      | Noticed a yak
  4564 | D:4      | Noticed a yak
  4568 | D:4      | Killed a yak
  4569 | D:4      | Reached XP level 7. HP: 12/42 MP: 12/12
  4573 | D:4      | Slain by a yak

Illustrated notes

Levels and vault maps discovered:
D:1:      giann_forest_graveyard, layout_rooms
D:2:      layout_basic, serial_forest, infiniplex_forest_lined_room_3,
          infiniplex_forest_zigzag_1, infiniplex_forest_clump_large,
          infiniplex_forest_corner_2, infiniplex_forest_fountain,
          infiniplex_forest_lined_2, infiniplex_forest_straight_4
D:3:      layout_rooms, minmay_misc_feat_hallway, uniq_natasha
D:4:      layout_loops_ring, minmay_temple_entry_glassed_door,
          kennysheep_minor_cross

Skill      XL: |  1  2  3  4  5  6 |
---------------+-------------------+-----
Fighting       | 1 2 3 |  3.7
Armour         | 1 2 3 |  3.6
Conjurations   | 5 |  5.9
Spellcasting   | 3 |  3.7
Hexes          | 1 |  1.8
Dodging        | |  1.5
Stealth        | |  2.1

Action                     |  1- 3 |  4- 6 |  7- 9 || total
---------------------------+-------+-------+-------++-------
  Melee: Short sword       |    16 |     3 |       ||    19
   Cast: Magic Dart        |    77 |    68 |       ||   145
         Searing Ray       |       |    10 |       ||    10
    Use: Scroll            |     6 |     2 |       ||     8
 Armour: Robe              |    20 |    12 |       ||    32
  Dodge: Dodged            |    25 |    25 |     2 ||    52

Table legend: (Time is in decaauts)
 A = Elapsed time spent in this place.
 B = Non-inter-level travel time spent in this place.
 C = Inter-level travel time spent in this place.
 D = Time resting spent in this place.
 E = Time spent auto-exploring this place.
 F = Levels seen in this place.
 G = Mean time per level.
                   A        B        C        D        E       F      G
               +--------+--------+--------+--------+--------+-----+--------+
         Total |   4579 |   4228 |    351 |   2142 |   1538 |   4 | 1144.8 |
       Dungeon |   4579 |   4228 |    351 |   2142 |   1538 |   4 | 1144.8 |
               +--------+--------+--------+--------+--------+-----+--------+

Top non-repeatable levels by time:
     D:2: 1764 daAuts
     D:1: 1335 daAuts
     D:3: 1164 daAuts
     D:4: 314 daAuts
